 Dungeon Crawl Stone Soup version 0.32-a0-953-g508020473e (webtiles) character file.

Game seed: 6127975080671440464

13230 packetloss the Prestidigitator (level 12, -11/87 (92) HPs)
             Began as a Coglin Artificer on Apr 16, 2024.
             Was an Elder of Ru.
             Mangled by Jorgrun
             ... wielding a staff of earth
              (12 damage)
             ... while petrified by Jorgrun
             ... on level 1 of the Orcish Mines.
             The game lasted 00:46:30 (15618 turns).

packetloss the Prestidigitator (Coglin Artificer)  Turns: 15618, Time: 00:46:30

HP:   -11/87 (92)   AC:  7    Str: 14    XL:     12   Next: 3%
MP:   12/12         EV:  2    Int: 11    God:    Ru [****..]
Gold: 771           SH:  0    Dex: 19    Spells: 11/11 levels left

rFire   . . .        o - +5 long sword {Kasem}
rCold   . . .        n - +1 dagger (venom) {Hideko}
rNeg    + + +        U - +1 toga "Victory" {*Victory Int+1 Slay+1 Clar}
rPois   ∞            j - +0 helmet
rElec   .            u - +0 cloak
rCorr   .            E - +0 pair of gloves
SInv    .            (no boots)
Will    .....        (amulet unavailable)
Stlth   ++           (ring unavailable)
HPRegen 0.34/turn    (ring unavailable)
MPRegen 0.13/turn    (no gizmo)

%: clarity
@: exhausted, petrified, drained
A: hated by all, no fire magic, no alchemy magic, no translocations magic,
unskilled 1, off-hand wielding, slow wielding, warmup strikes, no jewellery
a: Invent Gizmo, Renounce Religion, Draw Out Power, Power Leap


You were on level 1 of the Orcish Mines.
You worshipped Ru.
Ru was greatly pleased with you.
You visited 2 branches of the dungeon, and saw 12 of its levels.

You collected 826 gold pieces.
You spent 55 gold pieces at shops.

Inventory:

Hand Weapons
 n - a +1 dagger of venom (offhand) {Hideko}
 o - a +5 long sword (weapon) {Kasem}
 q - a +0 dagger of protection {Hong}
 L - a +0 rapier
 M - a +0 rapier
Missiles
 w - 4 silver javelins
 x - 15 poisoned darts
 A - 5 javelins
 J - 8 boomerangs
 N - a curare-tipped dart
Armour
 a - a +0 troll leather armour
 j - a +0 helmet (worn)
 u - a +0 cloak (worn)
 C - a scarf of shadows
 E - a +0 pair of gloves (worn)
 G - a +4 scale mail of fire resistance
 K - +0 steam dragon scales
 U - the +1 toga "Victory" (worn) {*Victory Int+1 Slay+1 Clar}
   (You found it on level 7 of the Dungeon)

   *Victory:  When the wearer kills a threatening monster, it has a chance to
   gain +1 AC, +1 Slay, and +1 Int, capping at +7.
   When the wearer uses a scroll or a potion with a hostile monster in sight,
   its bonuses reset to +0.
   Unequipping it also resets its bonuses to +0.
   Int+1:     It affects your intelligence (+1).
   Slay+1:    It affects your accuracy & damage with ranged weapons and melee
   (+1).
   Clar:      It protects you from confusion, rage, mesmerisation and fear.
 V - the +3 hat of Pondering {ponderous, Will+ MP+10 Int+5}
   (You took it off Gastronok on level 8 of the Dungeon)

   Int+5:     It affects your intelligence (+5).
   Will+:     It increases your willpower.
   MP+10:     It affects your magic capacity (+10).
Talismans
 B - a serpent talisman
Wands
 c - a wand of flame (14) (quivered)
 d - a wand of charming (26)
 e - a wand of iceblast (2)
 F - a wand of warping (2)
 P - a wand of mindburst (4)
 Q - a wand of digging (2)
Scrolls
 g - 3 scrolls of amnesia
 k - a scroll of brand weapon
 l - 2 scrolls of torment
 p - 2 scrolls of enchant armour
 r - 9 scrolls of teleportation
 y - 6 scrolls of noise
 z - a scroll of immolation
 H - 3 scrolls of vulnerability
 I - 5 scrolls of poison
Potions
 b - 2 potions of might
 f - a potion of brilliance
 h - a potion of lignification {unknown}
 i - 6 potions of haste
 m - 5 potions of mutation
 s - a potion of enlightenment {unknown}
 t - 2 potions of heal wounds
 v - 2 potions of magic
 O - a potion of ambrosia
 R - a potion of attraction
 T - 2 potions of curing
Miscellaneous
 S - a Gell's gravitambourine (2/2)


   Skills:
 + Level 8.1 Fighting
 * Level 10.4 Long Blades
 - Level 4.8 Armour
 + Level 4.5 Dodging
 + Level 1.2 Stealth
 + Level 10.9 Evocations
 + Level 3.2 Shapeshifting


You had 11 spell levels left.
You didn't know any spells.
Your spell library contained the following spells:

 Spells                   Type           Power      Damage    Failure   Level
 Fugue of the Fallen      Necr           0%         N/A       71%         3
 Ozocubu's Armour         Ice            0%         N/A       71%         3
 Sigil of Binding         Hex            0%         N/A       71%         3
 Stone Arrow              Conj/Erth      0%         3d7       71%         3
 Freezing Cloud           Conj/Ice/Air   0%         6-21      100%        5
 Lehudib's Crystal Spear  Conj/Erth      0%         10d2      100%        8
 Cigotuvi's Dreadful Rot  Necr/Alch/Air  Unusable   N/A       N/A         2
 Call Canine Familiar     Summ           Unusable   N/A       N/A         3
 Inner Flame              Hex/Fire       Unusable   N/A       N/A         3
 Animate Armour           Summ/Erth      Unusable   N/A       N/A         4
 Dimensional Bullseye     Hex/Tloc       Unusable   N/A       N/A         4
 Ignite Poison            Fire/Alch      Unusable   N/A       N/A         4
 Irradiate                Conj/Alch      Unusable   3d11      N/A         5
 Summon Forest            Summ/Tloc      Unusable   N/A       N/A         5
 Summon Mana Viper        Hex/Summ       Unusable   N/A       N/A         5
 Summon Cactus Giant      Summ           Unusable   N/A       N/A         6
 Manifold Assault         Tloc           Unusable   N/A       N/A         7
 Seismic Cannonade        Alch/Erth      Unusable   6d4       N/A         7
 Ignition                 Fire           Unusable   3d3       N/A         8

Dungeon Overview and Level Annotations

Branches:
Dungeon (11/15)            Temple (0/1) D:6            Lair (0/5) D:8
    Orc (1/2) D:10

Altars:
Kikubaaqudgha
Makhleb
Okawaru
Ru
Uskayaw
Vehumet

Shops:
D:6 ?   D:9 (

Annotations:
D:10 flight gets more items
D:11 1 runed translucent door
Orc:1 Jorgrun


Innate Abilities, Weirdness & Mutations

You are hated by all.
You cannot study or cast Fire magic.
You cannot study or cast Alchemy magic.
You cannot study or cast Translocations magic.
You are somewhat unskilled. (-1 Apt)
You can wield a second weapon in your off-hand.
It takes a long time for you to wield or remove held weapons.
Your first few attacks do less damage.
You cannot equip rings or amulets.


Message History

You are slowing down.
Unknown command.
Unknown command.
Unknown command.
You hit Jorgrun but do no damage.
Jorgrun looks as sick as possible!
Jorgrun is heavily wounded.
You hit Jorgrun with your +5 long sword.
Jorgrun completely misses you.
Your limbs are stiffening.
Unknown command.
You hit Jorgrun with your +5 long sword.
Jorgrun is heavily wounded.
You hit Jorgrun but do no damage.
Jorgrun looks as sick as possible!
Jorgrun barely misses you.
You have turned to stone.
Jorgrun points at you and mumbles some strange words.
The iron shot hits you!!!
* * * LOW HITPOINT WARNING * * *
The orc wizard hits you with a +0 dagger.
* * * LOW HITPOINT WARNING * * *
Jorgrun hits you with a staff of earth.
* * * LOW HITPOINT WARNING * * *
The ground beneath you fractures.
The orc wizard hits you but does no damage.
Jorgrun hits you with a staff of earth!
* * * LOW HITPOINT WARNING * * *
The orc wizard is stunned by your conviction and fails to attack.
Jorgrun casts a spell at you.
You struggle to resist.
The orc wizard is stunned by your conviction and fails to attack.
Jorgrun hits you with a staff of earth.
* * * LOW HITPOINT WARNING * * *
The ground beneath you fractures!!
* * * LOW HITPOINT WARNING * * *
The orc wizard hits you but does no damage.
Jorgrun begins to cast a spell, but is stunned by your conviction!
The orc wizard hits you but does no damage.
Jorgrun hits you with a staff of earth.
* * * LOW HITPOINT WARNING * * *
The ground beneath you fractures!!
You die...
Ru respects your ultimate sacrifice.

#.#...........#
##...........#
#.......)..##
#..#...#)...#
......##o...#
#....##.....## ##.##
##.#)).# ## ###go##
##@## #...# ##
##..###.##
#...##...###
##..##...#.###
##....#.......
##............. ###
##.#.........#
##.####...#.......##
##


You could see Jorgrun (very poisoned) and an orc wizard.

Vanquished Creatures
  Gastronok (D:8)
  Fannar (D:11)
  2 two-headed ogres
  Pikel (D:7)
  Maurice (D:6)
  Maggie (D:8)
  2 trolls
  A hornet (D:10)
  Grinder (D:6)
  4 slime creatures (D:11)
  A wyvern (D:8)
  2 wraiths (D:11)
  4 yaks (D:9)
  A steam dragon (D:7)
  Duvessa (D:7)
  A water moccasin (D:6)
  4 acid dragons
  4 orc warriors
  15 ice beasts
  3 ogres
  4 black bears
  2 wolves (D:8)
  3 lemures (D:8)
  8 centaurs
  2 kobold brigands
  Blork the orc (D:5)
  3 bullfrogs
  4 gnoll sergeants
  3 scorpions
  9 wights
  Dowan (D:7)
  4 killer bees (D:10)
  5 electric eels
  A bombardier beetle (D:7)
  3 howler monkeys
  3 orc priests
  2 hounds (D:8)
  Crazy Yiuf (D:7)
  3 gnoll boudas
  A sleepcap (D:5)
  An iguana (D:6)
  Natasha (thrice) (D:4)
  10 orc wizards
  33 gnolls
  9 adders
  2 shadow imps
  A white imp (D:8)
  4 ufetubi (D:6)
  3 dart slugs
  A ribbon worm (D:2)
  30 orcs
  6 endoplasms
  2 giant cockroaches
  5 goblins
  4 hobgoblins
  20 kobolds
  3 ball pythons
  2 bats (D:1)
  A frilled lizard (D:1)
  6 rats
260 creatures vanquished.

Vanquished Creatures (others)
  An iguana (D:4)
  A hobgoblin (D:3)
2 creatures vanquished.

Grand Total: 262 creatures vanquished

Notes
Turn   | Place    | Note
-------+----------+-------------------------------------------
     0 | D:1      | packetloss the Coglin Artificer began the quest for the
                  | Orb.
     0 | D:1      | Reached XP level 1. HP: 15/15 MP: 1/1
   206 | D:1      | Reached XP level 2. HP: 21/21 MP: 2/2
   374 | D:1      | Found a faded altar of an unknown god.
   749 | D:1      | Prayed at the altar of an unknown god.
   749 | D:1      | Became a worshipper of Ru the Awakened
   864 | D:2      | Reached skill level 2 in Fighting
   994 | D:2      | Reached XP level 3. HP: 27/27 MP: 3/3
  1049 | D:2      | Gained mutation: You are hated by all. [Ru sacrifice]
  1049 | D:2      | Reached * piety under Ru
  1163 | D:2      | Reached skill level 5 in Evocations
  1705 | D:3      | Reached XP level 4. HP: 34/34 MP: 4/4
  1883 | D:3      | Noticed a black bear
  2114 | D:3      | Reached skill level 3 in Fighting
  2114 | D:3      | Reached skill level 1 in Long Blades
  2114 | D:3      | Reached XP level 5. HP: 28/41 MP: 5/5
  2575 | D:4      | Found a hide-covered altar of Uskayaw.
  2586 | D:4      | Reached skill level 6 in Evocations
  2595 | D:4      | Reached skill level 2 in Long Blades
  2873 | D:3      | Reached XP level 6. HP: 34/47 MP: 6/6
  2925 | D:5      | Entered Level 5 of the Dungeon
  2998 | D:5      | Noticed an ice beast
  3129 | D:4      | Gained mutation: You are somewhat unskilled. (-1 Apt) [Ru
                  | sacrifice]
  3129 | D:4      | Reduced skill Evocations to level 5
  3129 | D:4      | Reached ** piety under Ru
  3129 | D:4      | Reached *** piety under Ru
  3254 | D:4      | Noticed Natasha
  3263 | D:4      | Killed Natasha
  3597 | D:4      | Found a hide-covered altar of Uskayaw.
  3706 | D:4      | Noticed Natasha
  3714 | D:4      | Killed Natasha
  3715 | D:4      | Reached skill level 6 in Evocations
  3716 | D:4      | Noticed Natasha
  3727 | D:4      | Killed Natasha
  4303 | D:5      | Killed an ice beast
  4304 | D:5      | Reached skill level 3 in Long Blades
  4304 | D:5      | Reached XP level 7. HP: 53/53 MP: 7/7
  4557 | D:4      | Reached skill level 4 in Fighting
  4702 | D:5      | Reached skill level 4 in Long Blades
  4934 | D:5      | Reached skill level 7 in Evocations
  4934 | D:5      | Reached XP level 8. HP: 45/61 MP: 8/8
  4997 | D:5      | Noticed Blork the orc
  5008 | D:5      | Killed Blork the orc
  5355 | D:6      | Reached skill level 5 in Long Blades
  5515 | D:6      | Reached skill level 5 in Fighting
  5715 | D:6      | Reached skill level 6 in Long Blades
  5872 | D:6      | Found The Oracle's Delphic Readings.
  5876 | D:6      | Bought a scroll of teleportation for 33 gold pieces
  5876 | D:6      | Bought a scroll of identify for 22 gold pieces
  5977 | D:6      | Found a staircase to the Ecumenical Temple.
  6024 | D:6      | Noticed Grinder
  6025 | D:6      | Paralysed by Grinder for 5 turns
  6038 | D:6      | Reached skill level 8 in Evocations
  6049 | D:6      | Killed Grinder
  6050 | D:6      | Reached XP level 9. HP: 34/68 MP: 9/9
  6512 | D:7      | Noticed Maurice
  6643 | D:7      | Reached skill level 7 in Long Blades
  6879 | D:7      | Reached skill level 6 in Fighting
  7123 | D:7      | Found an iron altar of Okawaru.
  7123 | D:7      | Found a runed translucent door.
  7128 | D:7      | Found the +0 toga "Victory" {*Victory Clar}
  7287 | D:7      | Found a runed translucent door.
  7288 | D:7      | Noticed Crazy Yiuf
  7299 | D:7      | Killed Crazy Yiuf
  7388 | D:7      | Noticed Dowan
  7390 | D:7      | Noticed Duvessa
  7427 | D:7      | Killed Duvessa
  7428 | D:7      | Reached skill level 1 in Dodging
  7487 | D:6      | Something stole a serpent talisman
  7488 | D:6      | Something stole a +0 rapier
  7499 | D:6      | Killed Maurice
  7500 | D:6      | Reached skill level 2 in Armour
  7500 | D:6      | Reached skill level 9 in Evocations
  7762 | D:8      | Noticed a two-headed ogre
  7820 | D:7      | Killed Dowan
  7912 | D:8      | Reached skill level 8 in Long Blades
  8109 | D:8      | Noticed Maggie
  8138 | D:8      | Killed Maggie
  8139 | D:8      | Reached skill level 2 in Dodging
  8139 | D:8      | Reached XP level 10. HP: 36/77 MP: 10/10
  8490 | D:8      | Found a staircase to the Lair.
  8554 | D:8      | Reached skill level 3 in Armour
  8751 | D:8      | HP: 12/77 [electric eel/bolt of electricity (8)]
  8751 | D:8      | HP: 5/77 [electric eel/bolt of electricity (7)]
  9228 | D:8      | Noticed Pikel
  9279 | D:7      | Killed Pikel
  9552 | D:8      | Reached skill level 1 in Shapeshifting
  9586 | D:8      | Found a burning altar of Makhleb.
  9608 | D:8      | Noticed Gastronok
  9747 | D:8      | Reached skill level 7 in Fighting
 10046 | D:8      | Killed a two-headed ogre
 10047 | D:8      | Reached skill level 9 in Long Blades
 10047 | D:8      | Reached skill level 3 in Dodging
 10323 | D:9      | Reached skill level 10 in Evocations
 10638 | D:9      | Reached XP level 11. HP: 40/84 MP: 11/11
 10990 | D:9      | Found Miros's Weapon Emporium.
 11190 | D:9      | Reached skill level 4 in Armour
 11190 | D:9      | Reached skill level 2 in Shapeshifting
 11295 | D:9      | Found an ancient bone altar of Kikubaaqudgha.
 11304 | D:9      | Found a radiant altar of Vehumet.
 11596 | D:10     | Entered Level 10 of the Dungeon
 11650 | D:10     | Noticed a two-headed ogre
 11720 | D:10     | Found a staircase to the Orcish Mines.
 12807 | D:10     | Killed a two-headed ogre
 12931 | D:10     | Gained mutation: You cannot study or cast Fire magic. [Ru
                  | sacrifice]
 12931 | D:10     | Gained mutation: You cannot study or cast Alchemy magic.
                  | [Ru sacrifice]
 12931 | D:10     | Gained mutation: You cannot study or cast Translocations
                  | magic. [Ru sacrifice]
 12931 | D:10     | Reached **** piety under Ru
 12952 | D:11     | Noticed Fannar
 12973 | D:10     | Reached skill level 4 in Dodging
 13285 | D:11     | Reached skill level 10 in Long Blades
 13532 | D:11     | Killed Fannar
 13898 | D:11     | Reached skill level 3 in Shapeshifting
 14204 | D:11     | Found a runed translucent door.
 14207 | D:11     | Noticed a six-headed hydra
 14207 | D:11     | Noticed a cyclops
 14937 | D:8      | Found a burning altar of Makhleb.
 15143 | D:8      | Found a staircase to the Lair.
 15352 | D:8      | Killed Gastronok
 15353 | D:8      | Reached skill level 8 in Fighting
 15353 | D:8      | Reached skill level 1 in Stealth
 15353 | D:8      | Reached XP level 12. HP: 51/92 MP: 12/12
 15496 | Orc:1    | Entered Level 1 of the Orcish Mines
 15587 | Orc:1    | Noticed Jorgrun
 15607 | Orc:1    | HP: 13/92 [Jorgrun/staff of earth (17)]
 15612 | Orc:1    | HP: 18/87 [Jorgrun/iron shot (26)]
 15616 | Orc:1    | HP: 1/87 [Jorgrun/staff of earth (11)]
 15618 | Orc:1    | Mangled by Jorgrun

Illustrated notes

Levels and vault maps discovered:
D:1:      zaba_arrival_water, layout_loops_ring,
          shapermc_ecumenical_altar_flowoftime, serial_bayou_crossing
D:2:      layout_loops_cross, amcnicky_mini_pool_small
D:3:      layout_loops_ring, st_stairs_14
D:4:      layout_loops_ring, nicolae_uskayaw_dance_hall, nicolae_grassy_gnolls,
          uniq_natasha
D:5:      layout_rooms, uniq_blork_the_orc
D:6:      layout_basic, minmay_temple_entry_crystal_x,
          nicolae_nh_oracle_at_delphi, uniq_grinder
D:7:      layout_basic, nicolae_overflow_guarded_unrand_okawaru_victory,
          old_standard_altar, uniq_duvessa, uniq_crazy_yiuf_cottage,
          uniq_maurice
D:8:      layout_basic, kennysheep_mini, erik_lair_island,
          kennysheep_generic_room_5, uniq_maggie, uniq_gastronok, uniq_pikel
D:9:      layout_basic, mainiacjoe_overflow_swirl, serial_shops, shop,
          minmay_misc_feat_tower, kennysheep_generic_room_4
D:10:     minmay_twisted_water, layout_basic, fedhas_altar_4,
          minmay_misc_feat_secret_circle
D:11:     layout_cave_pools, nicolae_wwwww, lightli_airlock, uniq_fannar
Orc:1:    layout_caves, uniq_jorgrun

Skill      XL: |  1  2  3  4  5  6  7  8  9 10 11 |
---------------+----------------------------------+-----
Fighting       | 2 3 4 5 6 7 8 |  8.1
Evocations     | 5 6 6 7 8 9 10 | 10.9
Long Blades    | 1 2 3 4 6 8 9 10 | 10.4
Dodging        | 2 3 4 |  4.5
Armour         | 2 3 4 |  4.8
Shapeshifting  | 1 3 |  3.2
Stealth        | 1 |  1.2

Action                     |  1- 3 |  4- 6 |  7- 9 | 10-12 || total
---------------------------+-------+-------+-------+-------++-------
  Melee: Club              |    41 |       |       |       ||    41
         Dagger            |    88 |   211 |   711 |   745 ||  1755
         Whip              |    37 |       |       |       ||    37
         Long sword        |       |       |       |   312 ||   312
 Invoke: Sacrifice Love    |     1 |       |       |       ||     1
         Sacrifice Skill   |       |     1 |       |       ||     1
         Reject Sacrifices |       |       |     1 |       ||     1
         Draw Out Power    |       |       |       |     3 ||     3
         Sacrifice Arcana  |       |       |       |     1 ||     1
  Evoke: Wand              |       |     4 |    24 |    36 ||    64
    Use: Scroll            |       |       |     8 |     9 ||    17
   Stab: Sleeping          |     1 |     2 |       |       ||     3
         Distracted        |       |       |     1 |       ||     1
         Invisible         |       |       |     1 |       ||     1
 Armour: Leather armour    |    45 |    87 |     9 |       ||   141
         Ring mail         |       |       |    11 |       ||    11
         Scale mail        |       |       |   273 |   389 ||   662
         Robe              |       |       |       |    38 ||    38
  Dodge: Dodged            |    32 |    63 |   155 |   227 ||   477

Table legend: (Time is in decaauts)
 A = Elapsed time spent in this place.
 B = Non-inter-level travel time spent in this place.
 C = Inter-level travel time spent in this place.
 D = Time resting spent in this place.
 E = Time spent auto-exploring this place.
 F = Levels seen in this place.
 G = Mean time per level.
                   A        B        C        D        E       F      G
               +--------+--------+--------+--------+--------+-----+--------+
         Total |  15555 |  14451 |   1104 |   3282 |   7021 |  12 | 1296.2 |
       Dungeon |  15434 |  14330 |   1104 |   3282 |   6976 |  11 | 1403.1 |
  Orcish Mines |    121 |    121 |      0 |      0 |     45 |   1 |  121.0 |
               +--------+--------+--------+--------+--------+-----+--------+

Top non-repeatable levels by time:
     D:8: 2802 daAuts
     D:4: 1867 daAuts
     D:9: 1627 daAuts
     D:6: 1507 daAuts
    D:10: 1502 daAuts
     D:7: 1279 daAuts
    D:11: 1222 daAuts
     D:3: 1047 daAuts
     D:5: 905 daAuts
     D:1: 873 daAuts
     D:2: 799 daAuts
   Orc:1: 121 daAuts
